 Dungeon Sprint DCSS version 0.22-a0-480-g991dd4b (webtiles) character file.

707 raistware the Carver (level 7, -2/50 HPs)
             Began as a Demonspawn Gladiator on June 16, 2018.
             Was a Believer of Qazlal.
             Slain by a cyclops (26 damage)
             ... in the Dungeon (Sprint IX: "|||||||||||||||||||||||||||||").
             The game lasted 00:04:07 (347 turns).

raistware the Carver (Demonspawn Gladiator)          Turns: 347, Time: 00:04:07

Health: -2/50      AC: 11    Str: 16    XL:     7   Next: 40%
Magic:  3/7        EV: 10    Int: 10    God:    Qazlal [**....]
Gold:   0          SH:  3    Dex: 19    Spells: 6/6 levels left

rFire    . . .     SeeInvis .   a - +0 long sword
rCold    . . .     Gourm    .   (no shield)
rNeg     . . .     Faith    .   o - +0 plate armour
rPois    .         Spirit   .   c - +0 helmet
rElec    .         Reflect  .   (no cloak)
rCorr    .         Harm     .   (no gloves)
MR       .....     NoTele   +   (no boots)
Stlth    ..........             (no amulet)
HPRegen  0.16/turn              b - +3 ring of dexterity
MPRegen  0.10/turn              p - +2 ring of evasion

@: slowed, very slow
A: thin skeletal structure 1, rot immunity
a: Upheaval, Renounce Religion


You were in the Dungeon.
You worshipped Qazlal.
Qazlal was pleased with you.
You were not hungry.

You visited 1 branch

Inventory:

Hand Weapons
 a - a +0 long sword (weapon)
Missiles
 d - 3 throwing nets (quivered)
Armour
 c - a +0 helmet (worn)
 e - a +2 ring mail of magic resistance
 o - a +0 plate armour (worn)
Jewellery
 b - a +3 ring of dexterity (left hand)
 p - a +2 ring of evasion (right hand)
Wands
 n - a wand of iceblast (10)
Scrolls
 j - 3 scrolls of remove curse
 k - 2 scrolls of blinking
 m - 2 scrolls of amnesia
Potions
 h - 4 potions of curing
 i - 4 potions of magic
Comestibles
 f - a ration
 l - 8 chunks of flesh


   Skills:
 - Level 2.0 Fighting
 + Level 12.9 Long Blades
 - Level 1.7 Throwing
 + Level 7.8 Dodging


You had 6 spell levels left.
You didn't know any spells.
Your spell library was empty.

Dungeon Overview and Level Annotations

Branches:
Dungeon (1/1)

Altars:
Cheibriados
Dithmenos
Elyvilon
Fedhas
Gozag
Hepliaklqana
Kikubaaqudgha
Makhleb
Nemelex Xobeh
Okawaru
Qazlal
Ru
Sif Muna
Trog
Uskayaw
Vehumet
Wu Jian
Xom
Yredelemnul
Zin
The Shining One
Beogh
Jiyva
Lugonu


Innate Abilities, Weirdness & Mutations

You have a somewhat thin skeletal structure. (Dex +2, Stealth)
You are immune to rotting.


Message History

There's a creature in the doorway!
There's a creature in the doorway!
There's a creature in the doorway!
There's a creature in the doorway!
There's a creature in the doorway!
There's a creature in the doorway!
There's a creature in the doorway!
There's a creature in the doorway!
There's a creature in the doorway!
There's a creature in the doorway!
You feel much better. The cyclops hits you!
Aiming: Upheaval
Press: ? - help, Dir - move target cursor, f - green ugly thing
Aim: a green ugly thing The ground shakes violently, spewing rubble!
The blast of rubble hits the green ugly thing.
The green ugly thing is moderately wounded.
The cyclops hits you!!
Ouch! That really hurt!
You die...

▓.▓
▓.▓
▓.▓
▓F▓
▓J▓
▓u▓
▓C▓
▓@▓
▓.▓
▓.▓
▓.▓
▓.▓
▓)▓
▓'▓
▓(▓
▓.▓


You could see a green ugly thing, a cyclops, a bullfrog and a jelly.

Vanquished Creatures
  A wraith (D)
  A phantom (D)
  A black bear (D)
  An ice beast (D)
  A centaur (D)
  A crocodile (D)
  A quasit (D)
  A crimson imp (D)
  A hound (D)
  An orc wizard (D)
  A worker ant (D)
  A dart slug (D)
  A leopard gecko (D)
  An orc (D)
  A hobgoblin (D)
  A jackal (D)
  A bat (D)
  A rat (D)
18 creatures vanquished.

Notes
Turn   | Place    | Note
-------+----------+-------------------------------------------
     0 | D        | raistware the Demonspawn Gladiator began the quest for the Orb.
     0 | D        | Reached XP level 1. HP: 16/16 MP: 1/1
     6 | D        | Reached skill level 3 in Long Blades
     9 | D        | Reached skill level 4 in Long Blades
   118 | D        | Noticed an orc wizard
   118 | D        | Noticed a worker ant
   118 | D        | Noticed a hound
   118 | D        | Noticed a phantom
   128 | D        | Killed a phantom
   128 | D        | Reached skill level 8 in Long Blades
   128 | D        | Gained mutation: You have a somewhat thin skeletal structure. (Dex +2, Stealth) [demonic ancestry]
   128 | D        | Reached XP level 2. HP: 17/22 MP: 2/2
   128 | D        | Reached XP level 3. HP: 21/27 MP: 3/3
   128 | D        | Gained mutation: You are immune to rotting. [demonic ancestry]
   128 | D        | Reached XP level 4. HP: 25/33 MP: 4/4
   130 | D        | Reached skill level 9 in Long Blades
   138 | D        | Reached XP level 5. HP: 16/38 MP: 5/5
   151 | D        | Found a roughly hewn altar of Beogh.
   151 | D        | Found a snail-covered altar of Cheibriados.
   151 | D        | Found a shadowy altar of Dithmenos.
   151 | D        | Found a white marble altar of Elyvilon.
   151 | D        | Found a blossoming altar of Fedhas.
   151 | D        | Found an opulent altar of Gozag.
   152 | D        | Found a hazy altar of Hepliaklqana.
   153 | D        | Found a viscous altar of Jiyva.
   154 | D        | Found an ancient bone altar of Kikubaaqudgha.
   155 | D        | Found a corrupted altar of Lugonu.
   156 | D        | Found a burning altar of Makhleb.
   157 | D        | Found a sparkling altar of Nemelex Xobeh.
   158 | D        | Found an iron altar of Okawaru.
   159 | D        | Found a stormy altar of Qazlal.
   160 | D        | Found a sacrificial altar of Ru.
   161 | D        | Found a deep blue altar of Sif Muna.
   162 | D        | Found a bloodstained altar of Trog.
   163 | D        | Found a hide-covered altar of Uskayaw.
   164 | D        | Found a radiant altar of Vehumet.
   165 | D        | Found an ornate altar of the Wu Jian Council.
   166 | D        | Found a shimmering altar of Xom.
   167 | D        | Found a basalt altar of Yredelemnul.
   168 | D        | Found a glowing silver altar of Zin.
   169 | D        | Found a glowing golden altar of the Shining One.
   189 | D        | Became a worshipper of Qazlal Stormbringer
   231 | D        | Noticed an ice beast
   231 | D        | Noticed a crocodile
   231 | D        | Noticed a black bear
   235 | D        | Killed a black bear
   235 | D        | Reached skill level 10 in Long Blades
   235 | D        | Reached skill level 5 in Dodging
   235 | D        | Reached XP level 6. HP: 33/44 MP: 6/6
   259 | D        | Reached * piety under Qazlal
   259 | D        | Reached skill level 11 in Long Blades
   283 | D        | Killed an ice beast
   285 | D        | Reached ** piety under Qazlal
   285 | D        | Reached skill level 12 in Long Blades
   315 | D        | Noticed a green ugly thing
   315 | D        | Noticed a cyclops
   315 | D        | Noticed a wraith
   320 | D        | Reached XP level 7. HP: 26/50 MP: 7/7
   334 | D        | Killed a wraith
   347 | D        | Slain by a cyclops

Vault maps used:
D:        linesprint

Skill      XL: |  1  2  3  4  5  6 |
---------------+-------------------+-----
Long Blades    | 8 9 10 12 | 12.9
Dodging        | 4 5 7 |  7.8
Fighting       | |  2.0
Throwing       | |  1.7

Action                   |  1- 3 |  4- 6 |  7- 9 || total
-------------------------+-------+-------+-------++-------
Melee: Long sword        |    18 |    68 |    14 ||   100
Invok: Upheaval          |       |       |     1 ||     1
  Use: Potion            |     1 |     5 |     1 ||     7
 Stab: Invisible         |       |     5 |       ||     5
Armor: Leather armour    |     4 |     1 |       ||     5
       Plate armour      |       |    28 |     2 ||    30
Dodge: Dodged            |     3 |    37 |     4 ||    44
Block: Other             |       |     3 |     3 ||     6
       Rpst.: Long sword |     1 |     5 |     2 ||     8

Table legend:
 A = Spawn XP
 B = Non-spawn XP
 C = Spawn XP percentage of total XP
 D = Spawn monster count
 E = Non-spawn monster count
 F = Spawn count percentage of total count
 G = Total turns spent on level
                    A         B        C        D         E        F      G
               +---------+---------+-------+---------+---------+-------+---------
         Total |       0 |    1011 |   0.0 |       0 |      18 |   0.0 |   347
               +---------+---------+-------+---------+---------+-------+---------
             D |       0 |    1011 |   0.0 |       0 |      18 |   0.0 |   347
               +---------+---------+-------+---------+---------+-------+---------
